 Dungeon Crawl Stone Soup version 0.19.1 (webtiles) character file.

236 kae the Insei (level 5, -1/43 HPs)
             Began as a Demonspawn Monk on Dec 22, 2016.
             Was a Believer of Cheibriados.
             Slain by an iguana (8 damage)
             ... on level 5 of the Dungeon.
             The game lasted 00:04:07 (3427 turns).

kae the Insei (Demonspawn Monk)                     Turns: 3427, Time: 00:04:08

Health: -1/43      AC:  4    Str: 15    XL:     5   Next: 77%
Magic:  5/5        EV: 18    Int: 16    God:    Cheibriados [**....]
Gold:   204        SH:  0    Dex: 25    Spells: 0 memorised, 4 levels left

rFire  . . .     SeeInvis .     c - +0 dagger (flame)
rCold  . . .     Gourm    .     k - +1 leather armour (curse)
rNeg   . . .     Faith    .     (no shield)
rPois  .         Spirit   .     (no helmet)
rElec  .         Reflect  .     (no cloak)
rCorr  .         Harm     .     (no gloves)
MR     .....                    (no boots)
Stlth  ++++......               (no amulet)
                                (no ring)
                                (no ring)

@: agile, very slow
A: hooves 1, demonic guardian 1, nightstalker 1
a: Bend Time, Renounce Religion


You were on level 5 of the Dungeon.
You worshipped Cheibriados.
Cheibriados was pleased with you.
You were hungry.

You visited 1 branch of the dungeon, and saw 5 of its levels.

You collected 204 gold pieces.

Inventory:

Hand Weapons
 c - a +0 dagger of flaming (weapon)
 j - a +1 vampiric whip
Armour
 a - a +1 robe
 e - a +2 robe of resistance
 k - a cursed +1 leather armour (worn)
Scrolls
 l - a scroll of noise
Potions
 h - 2 potions of berserk rage
 i - 4 potions of heal wounds
 n - a potion of flight
Comestibles
 b - 2 bread rations
 f - a slice of pizza
 m - a meat ration


   Skills:
 + Level 4.4 Fighting
 - Level 2.6 Dodging
 - Level 1.7 Stealth
 * Level 5.1 Unarmed Combat


You had 4 spell levels left.
You didn't know any spells.

Dungeon Overview and Level Annotations

Branches:
Dungeon (5/15)
 Temple: D:4-7

Altars:
Cheibriados
Fedhas
Makhleb
Okawaru
Qazlal


Innate Abilities, Weirdness & Mutations

You have large cloven feet.
A weak demonic guardian rushes to your aid.
You are slightly more attuned to the shadows.


Message History

The iguana is moderately wounded.
The iguana bites you.
You barely miss the iguana. You kick the iguana, but do no damage.
The iguana is moderately wounded.
The iguana barely misses you.
You hit the iguana. You burn the iguana.
The iguana is severely wounded.
The iguana bites you!
* * * LOW HITPOINT WARNING * * *
You barely miss the iguana. Your punch misses the iguana.
The iguana is severely wounded.
The iguana misses you.
You closely miss the iguana.
The iguana is severely wounded.
The iguana bites you.
* * * LOW HITPOINT WARNING * * *
It was a potion of agility.
You feel agile all of a sudden. The iguana bites you!
You die...

#.....# ###.#
..>.####### .. #<..#
...(......# #.###...##
#....(....# #.#.......
.........# #.###.###.
#..(....# #.# #.# #.
##.......####.###.###.
+...l@................
##.......####.###.###.
#.......# #.###.# #.
#.......# #.....# #.
#...$...# #.##### #.
######### ### #. #.


You could see an iguana.

Vanquished Creatures
  A scorpion (D:4)
  A centaur skeleton (D:4)
  2 orc wizards (D:4)
  A worker ant (D:4)
  An adder (D:2)
  An ooze (D:1)
  An adder skeleton (D:4)
  3 worms
  3 dart slugs (D:1)
  2 leopard geckos
  4 orcs
  4 giant cockroaches
  6 goblins
  4 hobgoblins (D:1)
  5 bats
  5 frilled lizards
  7 kobolds
  3 rats
54 creatures vanquished.

Notes
Turn   | Place    | Note
-------+----------+-------------------------------------------
     0 | D:1      | kae the Demonspawn Monk began the quest for the Orb.
     0 | D:1      | Reached XP level 1. HP: 18/18 MP: 1/1
    92 | D:1      | Reached skill level 3 in Unarmed Combat
   100 | D:1      | Gained mutation: You have large cloven feet. [demonic ancestry]
   100 | D:1      | Reached XP level 2. HP: 6/24 MP: 2/2
   773 | D:1      | Gained mutation: You are slightly more attuned to the shadows. [demonic ancestry]
   773 | D:1      | Reached XP level 3. HP: 24/29 MP: 3/3
  1248 | D:2      | You fall through a shaft for 2 floors!
  1257 | D:4      | Noticed a scorpion
  1262 | D:4      | Reached skill level 4 in Unarmed Combat
  1262 | D:4      | Reached XP level 4. HP: 37/37 MP: 4/4
  1265 | D:4      | Gained mutation: A weak demonic guardian rushes to your aid. [demonic ancestry]
  1265 | D:4      | Reached XP level 5. HP: 42/42 MP: 5/5
  2352 | D:3      | Found an iron altar of Okawaru.
  2354 | D:3      | Found a blossoming altar of Fedhas.
  2355 | D:3      | Found a snail-covered altar of Cheibriados.
  2373 | D:3      | Became a worshipper of Cheibriados the Contemplative
  2373 | D:3      | Reached * piety under Cheibriados
  2373 | D:3      | Reached ** piety under Cheibriados
  2825 | D:4      | Reached skill level 5 in Unarmed Combat
  2845 | D:4      | Found a stormy altar of Qazlal.
  2845 | D:4      | Found a burning altar of Makhleb.
  2917 | D:4      | HP: 2/43 [poisoned by a worker ant]
  2923 | D:4      | HP: 2/43 [poisoned by a worker ant]
  2929 | D:4      | HP: 2/43 [poisoned by a worker ant]
  2935 | D:4      | HP: 2/43 [poisoned by a worker ant]
  3384 | D:5      | Entered Level 5 of the Dungeon
  3427 | D:5      | Slain by an iguana

Skill      XL: |  1  2  3  4  5 |
---------------+----------------+-----
Unarmed Combat | 3 4 5 |  5.1
Fighting       | 4 |  4.4
Dodging        | |  2.6
Stealth        | |  1.7

Action                   |  1- 3 |  4- 6 || total
-------------------------+-------+-------++-------
Melee: Unarmed           |    24 |       ||    24
       Dagger            |    98 |   120 ||   218
       Kick              |    25 |    41 ||    66
       Punch             |     1 |     1 ||     2
  Use: Scroll            |     4 |     6 ||    10
       Potion            |     1 |     4 ||     5
 Stab: Sleeping          |     2 |     5 ||     7
       Distracted        |       |     2 ||     2
  Eat: Chunk             |     1 |     3 ||     4
       Pizza             |       |     1 ||     1
Armor: Robe              |    25 |     4 ||    29
       Leather armour    |       |    13 ||    13
Dodge: Dodged            |   112 |    69 ||   181
